 Dungeon Crawl Stone Soup version 0.29-a0-841-g116ddc6ace (webtiles) character file.

Game seed: 9971923924510551617

1944 gruber the Destroyer (level 9, -1/52 HPs)
             Began as a Tengu Conjurer on July 14, 2022.
             Was an Initiate of Vehumet.
             Slain by a swamp worm (16 damage)
             ... on level 7 of the Dungeon.
             The game lasted 00:08:52 (7958 turns).

gruber the Destroyer (Tengu Conjurer)               Turns: 7958, Time: 00:08:52

Health: -1/52      AC:  2    Str:  7    XL:     9   Next: 18%
Magic:  11/16      EV: 18    Int: 22    God:    Vehumet [......]
Gold:   575        SH:  0    Dex: 14    Spells: 9/16 levels left

rFire   . . .      SeeInvis .   n - +2 dagger (elec)
rCold   . . .      Faith    .   p - orb {light}
rNeg    + + .      Spirit   .   a - +0 robe
rPois   .          Reflect  .   (helmet restricted)
rElec   .          Harm     .   (no cloak)
rCorr   .          Rampage  .   (no gloves)
Will    +++..      Clarity  +   (boots unavailable)
Stlth   +.........              E - amulet of the Four Winds {rN+ Will+++ Clar}
HPRegen 0.17/turn               l - ring of positive energy
MPRegen 0.15/turn               (no ring)

@: flying quickly and evasively, glowing, quick
A: beak, talons 3, nimble flight
a: Renounce Religion


You were on level 7 of the Dungeon.
You worshipped Vehumet.
Vehumet was noncommittal.
You visited 2 branches of the dungeon, and saw 8 of its levels.

You collected 575 gold pieces.

Inventory:

Hand Weapons
 k - a +4 dagger
 n - a +2 dagger of electrocution (weapon)
 w - a +1 short sword of speed
Missiles
 C - a throwing net
Armour
 a - a +0 robe (worn)
 p - an orb of light (worn)
Magical Staves
 v - a staff of fire
Jewellery
 l - a ring of positive energy (left hand)
 q - a ring of ice
 E - the amulet of the Four Winds (around neck) {rN+ Will+++ Clar}
   (You found it on level 7 of the Dungeon)

   [amulet of nothing]

   rN:        It protects you from negative energy.
   Clar:      It protects you against confusion.
   Will:      It greatly increases your willpower.
Wands
 x - a wand of mindburst (9)
 y - a wand of charming (9)
 D - a wand of iceblast (5)
Scrolls
 f - 8 scrolls of identify {unknown}
 i - a scroll of enchant armour {unknown}
 o - a scroll of silence {unknown}
 r - 2 scrolls of teleportation {unknown}
 s - a scroll of torment {unknown}
 t - 3 scrolls of immolation {unknown}
 z - a scroll of poison {unknown}
Potions
 b - 2 potions of magic
 c - 2 potions of might {unknown}
 d - a potion of resistance {unknown}
 e - a potion of invisibility {unknown}
 g - 5 potions of curing {unknown}
 h - 4 potions of haste {unknown}
 j - 4 potions of heal wounds {unknown}
 m - 4 potions of attraction {unknown}
 u - 3 potions of flight {unknown}
 A - a potion of lignification {unknown}
 B - a potion of ambrosia {unknown}


   Skills:
 - Level 4.3 Fighting
 - Level 7.0 Dodging
 - Level 2.0 Stealth
 - Level 4.3 Spellcasting
 * Level 11.3 Conjurations


You had 9 spell levels left.
You knew the following spells:

 Your Spells              Type           Power      Damage    Failure   Level
a - Magic Dart            Conj           100%       1d8       1%          1
b - Searing Ray           Conj           100%       2d8       1%          2
c - Fulminant Prism       Conj/Hex       14%        3d9       11%         4

Your spell library contained the following spells:

 Spells                   Type           Power      Damage    Failure   Level
 Dazzling Flash           Conj/Hex       58%        N/A       3%          3
 Sting                    Tmut/Pois      16%        1d3       11%         1
 Summon Small Mammal      Summ           16%        N/A       11%         1
 Iskenderun's Mystic Bla  Conj/Tloc      29%        2d7       11%         4
 Ensorcelled Hibernation  Hex/Ice        8%         N/A       17%         2
 Passwall                 Tmut/Erth      3%         N/A       17%         2
 Poisonous Vapours        Pois/Air       8%         N/A       17%         2
 Call Canine Familiar     Summ           4%         N/A       32%         3
 Summon Guardian Golem    Hex/Summ       4%         N/A       32%         3
 Swiftness                Air            4%         N/A       32%         3
 Olgreb's Toxic Radiance  Pois           4%         N/A       73%         4


Dungeon Overview and Level Annotations

Branches:
Dungeon (7/15)             Temple (1/1) D:6

Altars:
Cheibriados
Gozag
Makhleb
Nemelex Xobeh
Qazlal
Ru
Vehumet
Xom
Yredelemnul

Shops:
D:2 =


Innate Abilities, Weirdness & Mutations

You have a beak for a mouth.
You have claws for feet.
Your magical nature lets you fly swiftly and evasively.


Message History

Things that are here:
a +3 halberd; a +0 robe
Things that are here:
a +2 flail; a +0 robe of willpower You start putting on your amulet.
You continue putting on the amulet of the Four Winds {rN+ Will+++ Clar}. x5
You finish putting on the amulet of the Four Winds {rN+ Will+++ Clar}.
E - the amulet of the Four Winds (around neck) {rN+ Will+++ Clar}
t - 3 scrolls labelled BYSHRA QEEH (gained 1)
Found a robe.
A swamp worm comes into view.
Found a scale mail and a leather armour.
Casting: Searing Ray (safe; 1% risk of failure)
Confirm with . or Enter, or press ? or * to list all spells.
Aiming: Searing Ray (safe; 1% risk of failure)
Press: ? - help, Shift-Dir - straight line, f - swamp worm
Aim: a swamp worm (haloed, 83% to hit)
The searing ray hits the swamp worm.
The swamp worm is lightly wounded. (Press . to maintain the ray.) Unknown command.
Unknown command.
The searing ray hits the swamp worm!
The swamp worm is heavily wounded.
The swamp worm fires a harpoon shot at you.
The harpoon shot hits you!!
You are yanked forward by the harpoon shot.
The swamp worm bites you!
* * * LOW HITPOINT WARNING * * *
Unknown command.
Casting: Searing Ray (safe; 1% risk of failure)
Confirm with . or Enter, or press ? or * to list all spells.
Aiming: Searing Ray (safe; 1% risk of failure)
Press: ? - help, Shift-Dir - straight line, f/p - swamp worm
Aim: a swamp worm (moderately wounded, haloed, 83% to hit)
The searing ray hits the swamp worm!
The swamp worm is heavily wounded. (Press . to maintain the ray.)
The swamp worm bites you!
You die...

.. ≈≈ ..[ ≈ .=
# ≈ .## .# #
≈##..#.. ≈###≈
#...#.#
≈≈≈≈≈≈###[..[.#
≈≈≈≈≈.w@...#
#########..#
#..# #..# #
#..# ## . #..#
#. . #..# .#.
#..# ...
####..### #.#


You could see a swamp worm.

Vanquished Creatures
  2 water moccasins
  Duvessa (D:4)
  2 orc warriors (D:6)
  An ice beast (D:6)
  An ogre (D:4)
  A centaur (D:6)
  A phantom (D:6)
  A bullfrog (D:7)
  A necrophage (D:3)
  2 scorpions (D:5)
  3 wights (D:7)
  Dowan (D:4)
  2 electric eels (D:7)
  A jelly (D:6)
  2 orc priests
  4 hounds
  4 iguanas
  3 orc wizards
  3 adders
  5 white imps
  An ufetubus (D:7)
  3 worms
  3 dart slugs
  23 orcs
  10 bats
  3 endoplasms
  2 giant cockroaches
  7 hobgoblins
  5 jackals
  4 quokkas
  4 ball pythons (D:1)
  2 frilled lizards
  13 goblins
  8 kobolds
  A rat (D:2)
130 creatures vanquished.

Vanquished Creatures (others)
  30 plants
  5 toadstools (D:5)
35 creatures vanquished.

Grand Total: 165 creatures vanquished

Notes
Turn   | Place    | Note
-------+----------+-------------------------------------------
     0 | D:1      | gruber the Tengu Conjurer began the quest for the Orb.
     0 | D:1      | Reached XP level 1. HP: 10/10 MP: 4/4
   232 | D:1      | Reached XP level 2. HP: 15/15 MP: 3/6
   326 | D:1      | Reached skill level 6 in Conjurations
   645 | D:1      | Found a faded altar of an unknown god.
   704 | D:1      | Reached XP level 3. HP: 19/19 MP: 5/7
  1023 | D:1      | Learned a level 2 spell: Searing Ray
  1544 | D:2      | Found Daisatur's Jewellery Shoppe.
  1585 | D:2      | Reached skill level 7 in Conjurations
  1585 | D:2      | Reached XP level 4. HP: 12/24 MP: 2/8
  2681 | D:3      | Found a shimmering altar of Xom.
  3039 | D:4      | Gained mutation: Your magical nature lets you fly swiftly
                  | and evasively. [Tengu growth]
  3039 | D:4      | Reached XP level 5. HP: 28/28 MP: 7/10
  3089 | D:4      | Noticed an ogre
  3093 | D:4      | Killed an ogre
  3435 | D:4      | Reached skill level 8 in Conjurations
  3435 | D:4      | Reached XP level 6. HP: 14/32 MP: 2/12
  4025 | D:4      | Noticed Duvessa
  4025 | D:4      | Noticed Dowan
  4042 | D:4      | Killed Duvessa
  4331 | D:4      | Killed Dowan
  4332 | D:4      | Reached XP level 7. HP: 36/36 MP: 6/14
  4796 | D:5      | Entered Level 5 of the Dungeon
  4974 | D:5      | Reached skill level 5 in Dodging
  5589 | D:5      | Found a basalt altar of Yredelemnul.
  5818 | D:6      | Reached XP level 8. HP: 35/41 MP: 7/15
  6301 | D:6      | Found a staircase to the Ecumenical Temple.
  6363 | D:6      | Found a burning altar of Makhleb.
  6608 | D:6      | Reached skill level 9 in Conjurations
  6859 | Temple   | Entered the Ecumenical Temple
  6886 | Temple   | Became a worshipper of Vehumet
  7321 | D:7      | Reached skill level 10 in Conjurations
  7324 | D:7      | Reached XP level 9. HP: 52/52 MP: 5/16
  7329 | D:7      | Learned a level 4 spell: Fulminant Prism
  7785 | D:7      | Found the amulet of the Four Winds {rN+ Will+++ Clar}
  7804 | D:7      | Reached skill level 11 in Conjurations
  7958 | D:7      | Slain by a swamp worm

Illustrated notes

Levels and vault maps discovered:
D:1:      minmay_arrival_plants_in_alcoves, layout_loops_ring,
          hellmonk_ecumenical_altar_run_dry
D:2:      layout_rooms, serial_shops, shop_statue
D:3:      layout_loops_corners, lemuel_round_altar
D:4:      layout_basic, uniq_duvessa
D:5:      layout_cave_pools, overflow_temple_1_default, hangedman_glass_teeth,
          serial_bayou_pond_d, minmay_gold_behind_fungi, st_stairs_13,
          minmay_checkerbox
D:6:      layout_rooms, mainiacjoe_overflow_cross_hatched, temple_pool_b
D:7:      layout_loops_ring, enter_bailey_5, nicolae_take_the_stairs,
          serial_bayou_lagoon_a, worms_lemuel, uniq_joseph
Temple:   nicolae_temple_god_jail

Skill      XL: |  1  2  3  4  5  6  7  8  9 |
---------------+----------------------------+-----
Conjurations   | 6 7 8 10 11 | 11.3
Spellcasting   | 3 4 |  4.3
Dodging        | 4 7 |  7.0
Fighting       | 4 |  4.3
Stealth        | |  2.0

Action                   |  1- 3 |  4- 6 |  7- 9 || total
-------------------------+-------+-------+-------++-------
Melee: Dagger            |     5 |     1 |    17 ||    23
       Kick              |     2 |     1 |     5 ||     8
       Peck              |       |       |     1 ||     1
 Cast: Magic Dart        |    68 |    42 |    39 ||   149
       Searing Ray       |     1 |    11 |    39 ||    51
 Stab: Sleeping          |     1 |       |       ||     1
Armor: Robe              |     1 |     1 |     2 ||     4
Dodge: Dodged            |     4 |    12 |    68 ||    84

Table legend: (Time is in decaauts)
 A = Elapsed time spent in this place.
 B = Non-inter-level travel time spent in this place.
 C = Inter-level travel time spent in this place.
 D = Time resting spent in this place.
 E = Time spent auto-exploring this place.
 F = Levels seen in this place.
 G = Mean time per level.
                   A        B        C        D        E       F      G
               +--------+--------+--------+--------+--------+-----+--------+
         Total |   7750 |   7475 |    275 |    437 |   6210 |   8 |  968.8 |
       Dungeon |   7713 |   7449 |    264 |    437 |   6196 |   7 | 1101.9 |
        Temple |     36 |     25 |     11 |      0 |     14 |   1 |   36.0 |
               +--------+--------+--------+--------+--------+-----+--------+

Top non-repeatable levels by time:
     D:4: 1947 daAuts
     D:6: 1419 daAuts
     D:3: 1077 daAuts
     D:1: 1033 daAuts
     D:5: 800 daAuts
     D:2: 790 daAuts
     D:7: 644 daAuts
  Temple: 36 daAuts
